 Dungeon Crawl Stone Soup version 0.24-a0-170-gd8427f5 (webtiles) character file.

Game seed: 7179054785956467791

70 lemonriz the Ducker (level 4, -1/35 HPs)
             Began as a Demonspawn Skald on Mar 9, 2019.
             Slain by an orc wizard
             ... wielding a +3 dagger
              (2 damage)
             ... on level 3 of the Dungeon.
             The game lasted 00:03:51 (1977 turns).

lemonriz the Ducker (Demonspawn Skald)              Turns: 1977, Time: 00:03:52

Health: -1/35      AC:  5    Str: 13    XL:     4   Next: 3%
Magic:  4/7        EV: 12    Int: 14    God:
Gold:   108        SH:  2    Dex:  8    Spells: 2/7 levels left

rFire    . . .     SeeInvis .   a - +0 spear
rCold    . . .     Gourm    .   (no shield)
rNeg     . . .     Faith    .   b - +0 leather armour
rPois    .         Spirit   .   (no helmet)
rElec    .         Reflect  +   (no cloak)
rCorr    .         Harm     .   (no gloves)
MR       .....                  (no boots)
Stlth    +.........             l - +2 amulet of reflection
HPRegen  0.11/turn              f - -4 ring of dexterity (curse)
MPRegen  0.10/turn              (no ring)

@: no status effects
A: rugged brown scales 2
a: no special abilities


You were on level 3 of the Dungeon.
You were hungry.

You visited 1 branch of the dungeon, and saw 3 of its levels.

You collected 108 gold pieces.

Inventory:

Hand Weapons
 a - a +0 spear (weapon)
 o - a +0 glaive
Armour
 b - a +0 leather armour (worn)
Jewellery
 f - a cursed -4 ring of dexterity (left hand)
 l - a +2 amulet of reflection (around neck)
Scrolls
 c - a scroll of amnesia {unknown}
 j - a scroll of enchant weapon {unknown}
 k - a scroll of fog {unknown}
Potions
 e - a potion of agility {unknown}
 g - 2 potions of heal wounds
 i - a potion of curing
 m - a potion of flight {unknown}
 n - a potion of ambrosia {unknown}
Comestibles
 d - 4 rations


   Skills:
 + Level 2.5 Fighting
 + Level 2.2 Polearms
 - Level 2.0 Armour
 * Level 2.7 Dodging
 - Level 2.0 Spellcasting
 - Level 2.6 Charms


You had 2 spell levels left.
You knew the following spells:

 Your Spells              Type           Power        Failure   Level  Hunger
a - Infusion              Chrm           #...         10%         1    ##.....
b - Song of Slaying       Chrm           #.......     16%         2    ###....
c - Shroud of Golubria    Chrm/Tloc      #.........   26%         2    ###....

Your spell library contained the following spells:

 Spells                   Type           Power        Failure   Level  Hunger
 Regeneration             Chrm/Necr      #.........   45%         3    ####...
 Spectral Weapon          Hex/Chrm       #.......     45%         3    ####...


Dungeon Overview and Level Annotations

Branches:
Dungeon (3/15)

Altars:


Innate Abilities, Weirdness & Mutations

You are mostly covered in rugged brown scales. (AC +2, +5% HP)


Message History

The orc is almost dead.
The orc barely misses you. Something hits you but does no damage.
You barely miss the orc.
The orc is almost dead.
The orc closely misses you. Something hits you but does no damage.
You barely miss the orc.
The orc is almost dead.
The orc hits you. Something hits you.
* * * LOW HITPOINT WARNING * * *
You hit the orc.
You kill the orc!
Something hits you but does no damage.
You closely miss the orc. The orc hits you with a +0 dagger.
* * * LOW HITPOINT WARNING * * *
Something hits you!
* * * LOW HITPOINT WARNING * * *
You hit the orc.
The orc is severely wounded.
The orc barely misses you. Something hits you.
You die...

#. #. #. . .. #
#. # #. #
.#####.#######
#.#
.........oo@.#
..
....##.#####{# #
. #. #.##.# # #o
#....# # . o.
#.#### #
...#######.#
#..............#
.....#.......###
.....#.#####.#


You could see 2 orcs.

Vanquished Creatures
  3 adders (D:3)
  A worm (D:3)
  A dart slug (D:2)
  2 orcs (D:3)
  A ball python (D:3)
  5 bats
  4 giant cockroaches
  A goblin (D:1)
  4 hobgoblins
  3 kobolds
  3 quokkas
  A frilled lizard (D:1)
  7 rats
36 creatures vanquished.

Notes
Turn   | Place    | Note
-------+----------+-------------------------------------------
     0 | D:1      | lemonriz the Demonspawn Skald began the quest for the Orb.
     0 | D:1      | Reached XP level 1. HP: 16/16 MP: 3/3
    23 | D:1      | Reached skill level 1 in Armour
   123 | D:1      | Gained mutation: You are partially covered in rugged brown
                  | scales. (AC +1, +3% HP) [demonic ancestry]
   123 | D:1      | Reached XP level 2. HP: 9/22 MP: 1/5
  1088 | D:3      | Gained mutation: You are mostly covered in rugged brown
                  | scales. (AC +2, +5% HP) [demonic ancestry]
  1088 | D:3      | Reached XP level 3. HP: 9/28 MP: 6/6
  1340 | D:3      | Learned a level 2 spell: Song of Slaying
  1343 | D:3      | Learned a level 2 spell: Shroud of Golubria
  1622 | D:2      | HP: 1/29 [quokka (3)]
  1939 | D:3      | Reached XP level 4. HP: 35/35 MP: 0/7
  1976 | D:3      | HP: 1/35 [something (8)]
  1977 | D:3      | Slain by an orc wizard

Levels and vault maps discovered:
D:1:      dpeg_arrival_pits, layout_basic, hangedman_abyss_or_decor_stabs
D:2:      layout_basic
D:3:      layout_basic, grunt_temple_overflow_champion_of_chaos,
          lemuel_coloured_pillars_altar, dk_noncrumbling_2

Skill      XL: |  1  2  3 |
---------------+----------+-----
Armour         | 1 2 |  2.0
Dodging        | 2 |  2.7
Polearms       | 2 |  2.2
Fighting       | |  2.5
Spellcasting   | |  2.0
Charms         | |  2.6

Action                   |  1- 3 |  4- 6 || total
-------------------------+-------+-------++-------
Melee: Spear             |   145 |    26 ||   171
       Glaive            |    33 |       ||    33
 Cast: Infusion          |     6 |       ||     6
       Song of Slaying   |     1 |       ||     1
  Use: Potion            |     1 |     1 ||     2
       Scroll            |     1 |       ||     1
  Eat: Chunk             |     3 |       ||     3
Armor: Leather armour    |    48 |     6 ||    54
Dodge: Dodged            |   122 |    15 ||   137
Block: Other             |     6 |     1 ||     7

Table legend:
 A = Non-vault XP
 B = Vault XP
 C = Vault XP percentage of total XP
 D = Non-vault monster count
 E = Vault monster count
 F = Vault count percentage of total count
                 A         B        C        D         E       F
            +---------+---------+-------+---------+---------+-------
      Total |     100 |       0 |   0.0 |      36 |       0 |   0.0
            +---------+---------+-------+---------+---------+-------
        D:1 |      26 |       0 |   0.0 |      18 |       0 |   0.0
        D:2 |      12 |       0 |   0.0 |       6 |       0 |   0.0
        D:3 |      62 |       0 |   0.0 |      12 |       0 |   0.0
            +---------+---------+-------+---------+---------+-------
